 Dungeon Crawl Stone Soup version 0.20-a0-767-g3afde5b (webtiles) character file.

10794 AlphabetPasta the Arsonist (level 11, -6/82 HPs)
             Began as a Pale Draconian Fire Elementalist on Feb 26, 2017.
             Was an Elder of Vehumet.
             Mangled by a gargoyle
             ... wielding a +0 flail
              (19 damage)
             ... on level 11 of the Dungeon.
             The game lasted 01:12:03 (11001 turns).

AlphabetPasta the Arsonist (DrFE)                  Turns: 11001, Time: 01:12:03

Health: -6/82      AC: 10    Str: 12    XL:     11   Next: 40%
Magic:  23/23      EV: 15    Int: 23    God:    Vehumet [****..]
Gold:   570        SH:  0    Dex: 11    Spells: 8/27 levels left

rFire    . . .     SeeInvis .   q - +1 quarterstaff
rCold    . . .     Gourm    .   (armour unavailable)
rNeg     . . .     Faith    .   (shield currently unavailable)
rPois    .         Spirit   .   (helmet restricted)
rElec    .         Reflect  .   z - +1 cloak
rCorr    .         Harm     .   x - +0 pair of gloves
MR       .....                  (no boots)
Stlth    +.........             (no amulet)
Regen    0.3/turn               r - +5 ring of intelligence
MPRegen  0.2/turn               o - +3 ring of evasion

@: confused, drained
A: breathe steam, unfitting armour, cold-blooded, AC +7
a: Breathe Steam, Renounce Religion


You were on level 11 of the Dungeon.
You worshipped Vehumet.
Vehumet was greatly pleased with you.
You were hungry.

You visited 2 branches of the dungeon, and saw 12 of its levels.

You collected 625 gold pieces.
You spent 55 gold pieces at shops.

Inventory:

Hand Weapons
 d - a +0 dagger
 q - a +1 quarterstaff (weapon)
Armour
 m - a +0 cloak
 x - a +0 pair of gloves (worn)
 z - a +1 cloak (worn)
Jewellery
 n - an uncursed ring of ice
 o - a +3 ring of evasion (left hand)
 r - a +5 ring of intelligence (right hand)
 A - an uncursed ring of poison resistance
Wands
 t - a wand of iceblast (14/15)
 C - a wand of disintegration (12/24)
 E - a wand of random effects (32/48)
 F - a wand of acid (7/15)
Scrolls
 c - 2 scrolls of magic mapping
 e - 3 scrolls of amnesia
 g - 8 scrolls of remove curse
 i - 3 scrolls of blinking
 B - a scroll of recharging
Potions
 h - a potion of ambrosia
 j - 10 potions of curing
 l - a potion of haste
 p - 2 potions of might
 s - 2 potions of flight
 u - 3 potions of invisibility {unknown}
 v - 4 potions of cancellation {unknown}
 D - a potion of agility {unknown}
Books
 a - a book of Flames

   Spells                             Type                      Level
   a - Flame Tongue                   Conjuration/Fire             1
   b - Throw Flame                    Conjuration/Fire             2
   c - Conjure Flame                  Conjuration/Fire             3
   d - Inner Flame                    Hexes/Fire                   3
   e - Sticky Flame                   Conjuration/Fire             4
   f - Fireball                       Conjuration/Fire             5
 H - a book of Power

   Spells                             Type                      Level
   a - Iskenderun's Battlesphere      Conjuration/Charms           5
   b - Venom Bolt                     Conjuration/Poison           5
   c - Bolt of Magma                  Conjuration/Fire/Earth       5
   d - Iron Shot                      Conjuration/Earth            6
   e - Orb of Destruction             Conjuration                  7
   f - Spellforged Servitor           Conjuration/Summoning        7
Comestibles
 b - 15 bread rations
 f - 4 meat rations
 k - 17 fruits
 w - a royal jelly
 G - a chunk of flesh


   Skills:
 - Level 3.0(2.6) Fighting
 + Level 2.7(2.2) Staves
 - Level 1.7(1.3) Dodging
 - Level 1.7(1.3) Stealth
 + Level 8.9(8.3) Spellcasting
 + Level 7.6(7.1) Conjurations
 * Level 12.1(11.5) Fire Magic
 + Level 7.3(6.8) Air Magic
 - Level 1.5(1.1) Evocations


You had 8 spell levels left.
You knew the following spells:

 Your Spells              Type           Power        Failure   Level  Hunger
a - Flame Tongue          Conj/Fire      #####        1%          1    None
b - Throw Flame           Conj/Fire      ######       1%          2    None
c - Conjure Flame         Conj/Fire      ######..     1%          3    None
d - Sticky Flame          Conj/Fire      ######..     1%          4    ##.....
e - Shock                 Conj/Air       ####         1%          1    None
g - Fireball              Conj/Fire      ######....   1%          5    #####..
h - Static Discharge      Conj/Air       #####...     1%          3    None


Dungeon Overview and Level Annotations

Branches:
Dungeon (11/15)            Temple (1/1) D:4            Lair (0/6) D:10
    Orc (0/2) D:10

Altars:
Ashenzari
Cheibriados
Dithmenos
Elyvilon
Fedhas
Gozag
Hepliaklqana
Kikubaaqudgha
Makhleb
Nemelex Xobeh
Okawaru
Qazlal
Ru
Sif Muna
Trog
Uskayaw
Vehumet
Wu Jian
Xom
Yredelemnul
Zin
The Shining One

Shops:
D:4 }*=(   D:5 (   D:7 %   D:11 *

Portals:
Ice
Cave: D:11


Innate Abilities, Weirdness & Mutations

You can breathe blasts of scalding, opaque steam.
Your pale cyan-grey scales are hard. (AC +7)
You cannot fit into any form of body armour.
You are cold-blooded and may be slowed by cold attacks.


Message History

a spear; a glowing robe You have got your breath back.
There is a frozen archway here.
Casting: Flame Tongue
Confirm with . or Enter, or press ? or * to list all spells.
Aiming: Sticky Flame
Press: ? - help, Shift-Dir - straight line, f - gargoyle
Aim: a gargoyle, wielding a flail The sticky flame hits the gargoyle.
The gargoyle is moderately damaged.
The gargoyle is covered in liquid flames!
The gargoyle burns!
The gargoyle barely misses you.
You are confused.
You feel invigorated.
The gargoyle burns!
The gargoyle hurls a stone arrow at you.
The stone arrow misses you.
The gargoyle burns!
The gargoyle hits you with a flail!!
* * * LOW HITPOINT WARNING * * *
The gargoyle burns!
The gargoyle hits you with a flail!!
You die...

*,, *##,, ##* *#.#,, #.####
*##..### #....### #.=....#
##.....######.##....
##..#................
#..#.#...............
*,#9@)#..#....#.#....
#..#.#..###..........
##..#..## #...#.#..#.
#....## ##.......##
*******#...##****#.......##
*,,,,,,....,,,,,,##.#.##..#
*,*,,*##..*,,,,,,*#........
**,*,,,,...,,,,,,,*#..##....
*,,,,≈≈≈,≈≈≈≈≈,,,,....#.....


You could see a gargoyle (burning).

Vanquished Creatures
  2 two-headed ogres (D:8)
  The ghost of Vi the Grappler, a novice TrFi of Makhleb (D:8)
  An unseen horror (D:11)
  A centaur skeleton (D:10)
  A kobold demonologist (D:11)
  2 trolls (D:10)
  3 polar bears
  Prince Ribbit (D:5)
  4 hippogriffs
  A yak (shapeshifter) (D:11)
  A yak (D:11)
  Sigmund (D:5)
  Grum (D:9)
  2 hungry ghosts (D:7)
  Menkaure (D:5)
  A water moccasin (D:6)
  4 orc warriors
  A sky beast (D:6)
  A black bear (D:10)
  4 ice beasts
  5 ogres
  6 wolves
  2 centaurs
  2 crocodiles
  A wyvern zombie (D:8)
  6 bullfrogs
  2 wyvern skeletons
  A water moccasin zombie (D:10)
  2 scorpions
  6 wights
  6 crimson imps
  2 bullfrog zombies
  2 centaur zombies
  A quasit (D:7)
  6 hounds
  A gnoll shaman (D:6)
  8 orc priests
  A jelly (D:8)
  3 orc wizards
  A bullfrog skeleton (D:8)
  4 worker ants
  2 iguanas
  2 hound zombies
  A hound skeleton (D:8)
  A worker ant zombie (D:4)
  Robin (Temple)
  A howler monkey zombie (D:4)
  8 gnolls (D:6)
  A howler monkey skeleton (D:11)
  18 adders
  2 shadow imps
  4 white imps (D:11)
  An ooze (D:5)
  2 adder zombies
  An adder skeleton (D:4)
  5 worms
  3 dart slugs (D:1)
  6 leopard geckos
  19 orcs
  2 giant cockroaches
  22 goblins
  12 hobgoblins
  10 jackals
  9 kobolds
  3 quokkas
  2 ball pythons
  A ball python zombie (D:4)
  6 bats
  3 frilled lizards
  A jackal skeleton (D:9)
  A jackal zombie (D:4)
  2 leopard gecko skeletons
  A quokka zombie (D:6)
  7 rats
262 creatures vanquished.

Vanquished Creatures (others)
  5 dream sheep (D:5)
5 creatures vanquished.

Grand Total: 267 creatures vanquished

Notes
Turn   | Place    | Note
-------+----------+-------------------------------------------
     0 | D:1      | AlphabetPasta the Draconian Fire Elementalist began the quest for the Orb.
     0 | D:1      | Reached XP level 1. HP: 14/14 MP: 3/3
     1 | D:1      | Noticed a formicid
     3 | D:1      | Noticed a draconian
     5 | D:1      | Noticed a merfolk zombie
    13 | D:1      | Noticed a vampire
    14 | D:1      | Noticed a centaur
    14 | D:1      | Noticed a gargoyle
   349 | D:1      | Reached XP level 2. HP: 20/20 MP: 5/5
   356 | D:1      | Learned a level 2 spell: Throw Flame
   951 | D:1      | Reached XP level 3. HP: 26/26 MP: 4/6
   956 | D:1      | Learned a level 3 spell: Conjure Flame
  1023 | D:2      | Learned a level 3 spell: Conjure Flame
  1043 | D:2      | Found a blossoming altar of Fedhas.
  1163 | D:2      | Reached skill level 4 in Fire Magic
  1175 | D:2      | Found an ancient bone altar of Kikubaaqudgha.
  1202 | D:2      | Found a faded altar of an unknown god.
  1341 | D:2      | Found an iron altar of Okawaru.
  1346 | D:2      | Found a shimmering altar of Xom.
  1407 | D:2      | Found a snail-covered altar of Cheibriados.
  1620 | D:2      | Reached XP level 4. HP: 30/33 MP: 2/7
  2365 | D:3      | Reached XP level 5. HP: 31/38 MP: 0/9
  2371 | D:3      | Learned a level 4 spell: Sticky Flame
  2713 | D:3      | Reached skill level 5 in Fire Magic
  2962 | D:3      | Found a hide-covered altar of Uskayaw.
  2977 | D:3      | Found a white marble altar of Elyvilon.
  3064 | D:3      | Reached XP level 6. HP: 45/45 MP: 8/11
  3393 | D:4      | Found a staircase to the Ecumenical Temple.
  3397 | D:4      | Noticed Robin
  3402 | Temple   | Entered the Ecumenical Temple
  3443 | Temple   | Became a worshipper of Vehumet
  3927 | Temple   | Killed Robin
  4027 | D:4      | Reached * piety under Vehumet
  4027 | D:4      | Offered knowledge of Shock by Vehumet.
  4138 | D:4      | Found Saocvawnie's Jewellery Shop.
  4168 | D:4      | Found Zeugger's Weapon Emporium.
  4427 | D:4      | Found a sacrificial altar of Ru.
  4552 | D:4      | Found an opulent altar of Gozag.
  4599 | D:4      | Your scales start taking on a pale cyan-grey colour.
  4599 | D:4      | Reached skill level 6 in Fire Magic
  4599 | D:4      | Reached XP level 7. HP: 50/50 MP: 10/13
  4602 | D:4      | Learned a level 1 spell: Shock
  4614 | D:4      | Found Ovuakkit's General Store.
  4631 | D:4      | Bought a potion of degeneration for 10 gold pieces
  4631 | D:4      | Bought a cursed ring of loudness for 45 gold pieces
  4731 | D:4      | Found Irpha Codwo's Gadget Shoppe.
  4808 | D:5      | Entered Level 5 of the Dungeon
  4996 | D:5      | Noticed Sigmund
  5157 | D:5      | Noticed Prince Ribbit
  5173 | D:5      | Killed Prince Ribbit
  5173 | D:5      | Reached skill level 7 in Fire Magic
  5173 | D:5      | Reached skill level 1 in Air Magic
  5316 | D:5      | Found Xefuergh's Weapon Shop.
  5425 | D:5      | Noticed Menkaure
  5429 | D:5      | Killed Menkaure
  5429 | D:5      | Reached skill level 5 in Spellcasting
  5636 | D:5      | Noticed a dream sheep
  5636 | D:5      | Noticed a dream sheep
  5636 | D:5      | Noticed a dream sheep
  5636 | D:5      | Noticed a dream sheep
  5636 | D:5      | Noticed a dream sheep
  5636 | D:5      | Found a shimmering altar of Xom.
  5640 | D:5      | Killed a dream sheep
  5640 | D:5      | Killed a dream sheep
  5640 | D:5      | Killed a dream sheep
  5640 | D:5      | Killed a dream sheep
  5640 | D:5      | Killed a dream sheep
  5655 | D:5      | Killed Sigmund
  5655 | D:5      | Reached XP level 8. HP: 57/57 MP: 8/15
  6046 | D:6      | Reached skill level 8 in Fire Magic
  6247 | D:6      | Found a sacrificial altar of Ru.
  6248 | D:6      | Found a deep blue altar of Sif Muna.
  6313 | D:6      | Offered knowledge of Sandblast by Vehumet.
  6386 | D:6      | Found a burning altar of Makhleb.
  6387 | D:6      | Found a basalt altar of Yredelemnul.
  6398 | D:6      | Reached ** piety under Vehumet
  6764 | D:6      | Found a hazy altar of Hepliaklqana.
  6804 | D:6      | Reached XP level 9. HP: 62/62 MP: 18/18
  6898 | D:6      | Found a bloodstained altar of Trog.
  6937 | D:6      | Reached skill level 5 in Conjurations
  7153 | D:7      | Found Baukkid's Food Emporium.
  7161 | D:7      | Reached skill level 9 in Fire Magic
  7271 | D:7      | Found a stormy altar of Qazlal.
  7412 | D:7      | Found a glowing silver altar of Zin.
  7416 | D:7      | Got a pair of heavily runed gloves
  7427 | D:7      | Identified the +1 pair of gloves of Demons {-Cast +Inv rN+} (You found it on level 7 of the Dungeon)
  7811 | D:7      | Reached skill level 5 in Air Magic
  7882 | D:8      | Offered knowledge of Searing Ray by Vehumet.
  8003 | D:8      | Noticed a two-headed ogre
  8017 | D:8      | Killed a two-headed ogre
  8017 | D:8      | Reached skill level 10 in Fire Magic
  8140 | D:8      | Reached XP level 10. HP: 27/69 MP: 14/21
  8331 | D:8      | Noticed Vi's ghost (novice TrFi)
  8358 | D:8      | Killed Vi's ghost
  8358 | D:8      | Reached skill level 1 in Fighting
  8759 | D:8      | Noticed a two-headed ogre
  8765 | D:8      | Killed a two-headed ogre
  8765 | D:8      | Reached skill level 1 in Staves
  8993 | D:9      | Noticed Grum
  8997 | D:9      | Reached skill level 1 in Evocations
  9000 | D:9      | Killed Grum
  9010 | D:9      | Reached *** piety under Vehumet
  9010 | D:9      | Reached skill level 11 in Fire Magic
  9443 | D:9      | You fall through a shaft!
  9443 | D:10     | Entered Level 10 of the Dungeon
  9565 | D:10     | Found a staircase to the Orcish Mines.
  9578 | D:10     | Found a staircase to the Lair.
  9658 | D:10     | Offered knowledge of Static Discharge by Vehumet.
  9683 | D:10     | Learned a level 5 spell: Fireball
  9768 | D:10     | Reached XP level 11. HP: 69/81 MP: 5/23
 10268 | D:10     | Found a hazy altar of Hepliaklqana.
 10639 | D:10     | Learned a level 3 spell: Static Discharge
 10647 | D:11     | Identified the Collected Works on Bewitching Stones
 10734 | D:11     | Found Malef's General Store.
 10760 | D:11     | Noticed an unseen horror
 10763 | D:11     | Killed an unseen horror
 10783 | D:11     | Reached skill level 12 in Fire Magic
 10795 | D:11     | Reached **** piety under Vehumet
 10984 | D:11     | Found a frozen archway.
 11001 | D:11     | Mangled by a gargoyle

Vault maps used:
D:1:      shiori_arrival_whats_in_store_for_you, st_stairs_5,
          minmay_tree_intersection
D:2:      cheibriados_altar_1, marbit_many_paths,
          chequers_temple_overflow_statue_of_worship,
          chequers_ecumenical_altar_simple, minivault_14, roderic_st_hans_cross,
          grunt_decor_resistance, fedhas_altar_1
D:3:      elyvilon_altar_5, old_standard_altar, first_bread, patterned_corridor
D:4:      kennysheep_little_box, minmay_temple_entry_large_hall, serial_undead,
          serial_undead_d, serial_undead_f, serial_undead_c, serial_undead_b,
          serial_shops, nicolae_shop_stone, kennysheep_mini_moat, shop,
          nicolae_shop_temple_entry_statues_fountains, minivault_4,
          dk_vineyard_3, nicolae_ru_the_path_less_chosen, uniq_robin
D:5:      serial_shops, nicolae_shop_waterfront, kb_xom_exploding_sheep,
          uniq_sigmund, uniq_prince_ribbit1, uniq_menkaure
D:6:      old_standard_altar, nicolae_overflow_hidden_temple
D:7:      grunt_ogre_cave, nicolae_shop_scaring_up_business, corner_web_ring,
          minmay_misc_feat_alley, hangedman_abyss_or_decor_passed,
          hangedman_feature_mirror, corexii_corridor_pit
D:9:      uniq_grum
D:10:     lair_entry_dummy, orc_0_dummy, basic_altar
D:11:     lemuel_ice_spiral_2, serial_ice, serial_ice_o, serial_ice_i,
          serial_ice_n, serial_ice_f, serial_ice_a, serial_ice_h, serial_ice_c,
          serial_ice_b, portal_ice_cave_entry_pillars_2, serial_shops, shop,
          corexii_corridor_pit
Temple:   jpeg_temple_island

Skill      XL: |  1  2  3  4  5  6  7  8  9 10 11 |
---------------+----------------------------------+-----
Fire Magic     | 4 5 6 7 8 10 11 12 | 12.1
Conjurations   | 2 3 4 6 7 |  7.6
Spellcasting   | 3 4 5 6 7 8 |  8.9
Air Magic      | 2 4 5 6 7 |  7.3
Fighting       | 2 3 |  3.0
Staves         | 1 2 |  2.7
Evocations     | 1 |  1.5
Dodging        | |  1.7
Stealth        | |  1.7

Action                   |  1- 3 |  4- 6 |  7- 9 | 10-12 || total
-------------------------+-------+-------+-------+-------++-------
Melee: Dagger            |    11 |     5 |       |       ||    16
       Tailslap          |     1 |     2 |       |     4 ||     7
       Quarterstaff      |       |    28 |    25 |    39 ||    92
 Cast: Flame Tongue      |    62 |   166 |   123 |   121 ||   472
       Shock             |       |       |    49 |    59 ||   108
       Throw Flame       |       |       |     7 |     1 ||     8
       Sticky Flame      |       |       |    10 |    22 ||    32
       Fireball          |       |       |       |     1 ||     1
 Abil: Breathe Steam     |       |       |    21 |    36 ||    57
  Use: Scroll            |     7 |     3 |     9 |     3 ||    22
       Potion            |       |       |     1 |     2 ||     3
 Stab: Sleeping          |     3 |     2 |       |     1 ||     6
  Eat: Chunk             |     3 |     8 |    13 |    10 ||    34
       Royal jelly       |       |     1 |       |     2 ||     3
       Fruit             |       |       |     2 |       ||     2
Armor: Skin              |     7 |    61 |    32 |    65 ||   165
Dodge: Dodged            |    16 |   177 |   105 |   104 ||   402
